 Dungeon Crawl Stone Soup version 0.31-a0-174-g85c54bcb58 (webtiles) character file.

Game seed: 18352589003403959571

1738 qw the Chopper (level 9, -10/54 HPs)
             Began as a Gargoyle Fighter on June 15, 2023.
             Was an Initiate of Okawaru.
             Mangled by Duvessa
             ... wielding a +0 rapier
              (11 damage)
             ... on level 6 of the Dungeon.
             The game lasted 00:02:44 (5968 turns).

qw the Chopper (Gargoyle Fighter)                   Turns: 5968, Time: 00:02:45

Health: -10/54     AC: 20    Str: 24    XL:     9   Next: 5%
Magic:  9/9        EV:  8    Int:  9    God:    Okawaru [......]
Gold:   228        SH:  9    Dex:  9    Spells: 8/8 levels left

rFire   . . .        Y - +3 war axe
rCold   . . .        m - +0 kite shield
rNeg    + . .        n - +0 chain mail
rPois   inf          j - +0 helmet
rElec   +            (no cloak)
rCorr   .            (no gloves)
SInv    .            (no boots)
Will    .....        (no amulet) Stlth
                     f - +4 ring of protection
HPRegen 0.29/turn    (no ring)
MPRegen 0.11/turn

%: no passive effects
@: about to teleport
A: sickness immunity, AC +6, negative energy resistance 1, electricity
resistance, torment resistance 1, petrification resistance, camouflage 1
a: Renounce Religion


You were on level 6 of the Dungeon.
You worshipped Okawaru.
Okawaru was noncommittal.
You visited 2 branches of the dungeon, and saw 7 of its levels.
You also visited: Ossuary.

You collected 228 gold pieces.


Innate Abilities, Weirdness & Mutations

You are immune to sickness and miasma.
Your stone body is resilient. (AC +6)
You are immune to poison.
You resist negative energy. (rN+)
You are resistant to electric shocks. (rElec)
You are resistant to unholy torment.
You are immune to petrification.
Your skin changes colour to match your surroundings (Stealth+).


   Skills:
 - Level 5.3 Fighting
 + Level 7.6 Axes
 - Level 1.7 Throwing
 - Level 3.2 Armour
 - Level 1.4 Dodging
 - Level 7.4 Shields


You had 8 spell levels left.
You didn't know any spells.
Your spell library was empty.

Inventory:

Hand Weapons
 e - a +0 mace
 Y - a +3 war axe (weapon)
Missiles
 o - 3 boomerangs (quivered)
Armour
 j - a +0 helmet (worn)
 m - a +0 kite shield (worn)
 n - a +0 chain mail (worn)
Jewellery
 f - a +4 ring of protection (left hand)
 l - a ring of ice
 p - an amulet of guardian spirit
Scrolls
 a - 4 scrolls of teleportation
 b - 4 scrolls of identify
Potions
 c - a potion of curing
 d - a potion of might
 g - 3 potions of haste
 h - a potion of mutation
 i - 2 potions of heal wounds
 k - 3 potions of magic
 q - a potion of brilliance {unknown}

Dungeon Overview and Level Annotations

Branches:
Dungeon (6/15)             Temple (1/1) D:4         Ossuary (visited)

Altars:
Ashenzari
Elyvilon
Fedhas
Gozag
Hepliaklqana
Kikubaaqudgha
Makhleb
Nemelex Xobeh
Okawaru
Qazlal
Ru
Sif Muna
Trog
Uskayaw
Vehumet
Wu Jian
Xom
Yredelemnul
The Shining One

Annotations:
D:6 Duvessa


Message History

Duvessa is moderately wounded.
Duvessa hits you but does no damage. x2
You closely miss Duvessa.
Duvessa is moderately wounded.
Duvessa hits you with a +0 rapier. You block Duvessa's attack.
You closely miss Duvessa.
Duvessa is moderately wounded.
You block Duvessa's attack. x2
You completely miss Duvessa.
Duvessa is moderately wounded.
Duvessa hits you but does no damage. You block Duvessa's attack.
You barely miss Duvessa.
Duvessa is moderately wounded.
Duvessa hits you with a +0 rapier!
You hit Duvessa.
Duvessa is heavily wounded.
Duvessa hits you with a +0 rapier. You block Duvessa's attack.
You barely miss Duvessa.
Duvessa is heavily wounded.
You block Duvessa's attack. Duvessa barely misses you.
You hit Duvessa but do no damage.
Duvessa is heavily wounded.
Duvessa hits you with a +0 rapier! You block Duvessa's attack.
You hit Duvessa.
Duvessa is heavily wounded.
Duvessa barely misses you. x2
You slash Duvessa!
Duvessa is severely wounded.
Duvessa hits you but does no damage. Duvessa hits you with a +0 rapier!
You barely miss Duvessa.
Duvessa is severely wounded.
You block Duvessa's attack.
You hit Duvessa.
Duvessa is almost dead.
Duvessa hits you with a +0 rapier! Duvessa hits you but does no damage.
5968 ||| READING 5 scrolls of teleportation.
As you read the scroll of teleportation, it crumbles to dust.
You feel strangely unstable. You block Duvessa's attack.
Duvessa hits you with a +0 rapier!
You die...

###############
#.............#
#.###########.#
#.# #.# #.# #.#
..# #.# ### #(#
#.##### #...@e#
#####)#
............e..
#######.###..<#
#.# .. #.# #.#
#.# #.#


You could see Duvessa (berserk).

Vanquished Creatures
  Grinder (D:3)
  A steam dragon (D:4)
  Edmund (D:6)
  Menkaure (D:4)
  A sky beast (D:6)
  A black bear (D:4)
  A phantom (D:5)
  A bullfrog (D:5)
  2 scorpions (D:5)
  Dowan (D:6)
  3 hounds
  A jelly (D:5)
  2 orc priests
  Terence (D:3)
  3 iguanas
  An orc wizard (D:4)
  14 mummies (Ossuary)
  A hound zombie (D:3)
  A hound skeleton (D:3)
  3 gnolls (D:4)
  3 adders
  2 river rats (D:5)
  An ufetubus (D:5)
  2 adder zombies (D:3)
  2 adder skeletons (D:3)
  3 dart slugs
  10 orcs
  13 ball pythons
  6 bats
  8 endoplasms
  5 giant cockroaches
  6 goblins
  4 hobgoblins
  3 jackals (D:5)
  6 kobolds
  3 quokkas
  A ball python zombie (D:3)
  4 frilled lizards
  A giant cockroach zombie (D:3)
  2 gnoll skeletons (Ossuary)
  3 goblin skeletons (Ossuary)
  2 kobold skeletons (Ossuary)
  An orc skeleton (Ossuary)
  6 rats
  11 rat skeletons (Ossuary)
149 creatures vanquished.

Notes
Turn   | Place    | Note
-------+----------+-------------------------------------------
     0 | D:1      | qw the Gargoyle Fighter began the quest for the Orb.
     0 | D:1      | Reached XP level 1. HP: 14/14 MP: 1/1
     0 | D:1      | 0 ||| qw: Version: 0.2-a-29-g511e9b1
     0 | D:1      | 0 ||| qw: Game counter: 5266
     0 | D:1      | 0 ||| qw: Always use a shield: true
     0 | D:1      | 0 ||| qw: God list: Okawaru
     0 | D:1      | 0 ||| qw: Allow faded altars: false
     0 | D:1      | 0 ||| qw: Do Orc after D:15 true
     0 | D:1      | 0 ||| qw: Do second Lair branch before Depths: true
     0 | D:1      | 0 ||| qw: Lair rune preference: random
     0 | D:1      | 0 ||| qw: Plans: Normal, Zot:1-4, Slime:5, God:TSO, Crypt,
                  | Tomb, Abyss, Pan, Hells, Win
     0 | D:1      | 0 ||| PLANNING D:1-11
   183 | D:1      | 183 ||| Stepping ~*~*~tactically~*~*~ (hiding).
   184 | D:1      | 184 ||| Stepping ~*~*~tactically~*~*~ (hiding).
   185 | D:1      | 185 ||| Stepping ~*~*~tactically~*~*~ (hiding).
   190 | D:1      | Reached XP level 2. HP: 19/19 MP: 2/2
   517 | D:1      | Reached skill level 3 in Axes
   704 | D:1      | Reached XP level 3. HP: 23/23 MP: 3/3
   970 | D:1      | 970 ||| UPGRADING to +0 helmet.
   975 | D:1      | 975 ||| UPGRADING to +0 kite shield.
   985 | D:1      | 985 ||| DROPPING +0 buckler.
   986 | D:1      | 986 ||| READING 2 scrolls labelled RIRIR RENNOESCH.
   990 | D:1      | 990 ||| READING scroll labelled ZOEJIA HUOTU.
   991 | D:1      | 991 ||| READING scroll labelled NIAKHIECOL.
   992 | D:1      | 992 ||| READING scroll labelled LEKHY ARGHEUTH.
   993 | D:1      | 993 ||| DRINKING 2 sedimented golden potions.
  1116 | D:2      | 1116 ||| Stepping ~*~*~tactically~*~*~ (hiding).
  1356 | D:2      | 1356 ||| DROPPING +0 club.
  1369 | D:2      | 1369 ||| UPGRADING to +4 ring of protection.
  1372 | D:2      | 1372 ||| STAIRDANCE
  1598 | D:2      | Reached XP level 4. HP: 28/28 MP: 4/4
  1729 | D:2      | 1729 ||| READING scroll labelled MIRACW XIACK.
  1732 | D:2      | 1732 ||| STAIRDANCE
  2162 | D:3      | Noticed Grinder
  2170 | D:3      | 2170 ||| Stepping ~*~*~tactically~*~*~ (hiding).
  2176 | D:3      | Killed Grinder
  2177 | D:3      | Reached XP level 5. HP: 32/32 MP: 5/5
  2177 | D:3      | Reached XP level 6. HP: 37/37 MP: 6/6
  2184 | D:3      | 2184 ||| Stepping ~*~*~tactically~*~*~ (stealth).
  2227 | D:3      | 2227 ||| Stepping ~*~*~tactically~*~*~ (stealth).
  2236 | D:3      | 2236 ||| Stepping ~*~*~tactically~*~*~ (stealth).
  2237 | D:3      | 2237 ||| Stepping ~*~*~tactically~*~*~ (stealth).
  2238 | D:3      | 2238 ||| Stepping ~*~*~tactically~*~*~ (stealth).
  2242 | D:3      | 2242 ||| Stepping ~*~*~tactically~*~*~ (stealth).
  2244 | D:3      | 2244 ||| Stepping ~*~*~tactically~*~*~ (stealth).
  2430 | D:3      | Found a glowing golden altar of the Shining One.
  2433 | D:3      | Noticed Terence
  2442 | D:3      | Killed Terence
  2476 | D:3      | You fall into a shaft and drop 2 floors!
  2476 | D:5      | Entered Level 5 of the Dungeon
  2477 | D:5      | 2477 ||| PLANNING SEWER
  2712 | D:5      | Found an ornate altar of the Wu Jian Council.
  2728 | D:5      | Reached XP level 7. HP: 19/43 MP: 7/7
  2732 | D:5      | Reached skill level 1 in Dodging
  3133 | D:5      | 3133 ||| RIP SEWER
  3156 | D:5      | 3156 ||| PLANNING D:1-11
  3156 | D:5      | 3156 ||| UPGRADING to +0 chain mail.
  3166 | D:5      | 3166 ||| DROPPING +0 scale mail.
  3167 | D:5      | 3167 ||| UPGRADING to amulet of guardian spirit.
  3172 | D:5      | 3172 ||| DRINKING 2 white potions.
  3173 | D:5      | 3173 ||| DRINKING 2 pink potions.
  3217 | D:4      | 3217 ||| PLANNING OSSUARY
  3229 | D:4      | 3229 ||| Stepping ~*~*~tactically~*~*~ (hiding).
  3241 | D:4      | Reached skill level 6 in Axes
  3272 | D:4      | Found a stormy altar of Qazlal.
  3289 | D:4      | 3289 ||| Stepping ~*~*~tactically~*~*~ (stealth).
  3324 | D:4      | 3324 ||| DROPPING +0 whip.
  3325 | D:4      | 3325 ||| DROPPING +1 whip of draining.
  3377 | D:4      | Reached skill level 6 in Shields
  3486 | D:4      | 3486 ||| Stepping ~*~*~tactically~*~*~ (stealth).
  3492 | D:4      | Reached XP level 8. HP: 48/48 MP: 8/8
  3581 | D:4      | Found a sand-covered staircase.
  3588 | Ossuary  | Entered an ossuary
  4053 | Ossuary  | 4053 ||| READING 5 scrolls labelled REAGEXKUITOU.
  4054 | Ossuary  | 4054 ||| READING 2 scrolls labelled UNEIMYUBEN.
  4055 | Ossuary  | 4055 ||| READING scroll of enchant weapon.
  4055 | Ossuary  | 4055 ||| ENCHANTING +1 war axe.
  4056 | Ossuary  | 4056 ||| READING scroll labelled OFIDWIXAASUA.
  4057 | Ossuary  | 4057 ||| READING scroll labelled CAEM MIUBROB.
  4058 | Ossuary  | 4058 ||| READING scroll labelled RIGOOD MUNE.
  4059 | Ossuary  | 4059 ||| DRINKING 2 glowing sapphire potions.
  4060 | Ossuary  | 4060 ||| DRINKING 2 sedimented red potions.
  4060 | Ossuary  | Gained mutation: Your skin changes colour to match your
                  | surroundings (Stealth+). [potion of mutation]
  4061 | Ossuary  | 4061 ||| DRINKING 2 ruby potions.
  4166 | Ossuary  | 4166 ||| READING 4 scrolls of identify.
  4166 | Ossuary  | 4166 ||| IDENTIFYING metallic brown potion
  4167 | Ossuary  | 4167 ||| DROPPING potion of enlightenment.
  4168 | Ossuary  | 4168 ||| DROPPING potion of berserk rage.
  4204 | D:4      | 4204 ||| PLANNING D:1-11
  4689 | D:4      | 4689 ||| Stepping ~*~*~tactically~*~*~ (cloud).
  4731 | D:4      | Found a broken altar of Ashenzari.
  4885 | D:4      | Noticed Menkaure
  4886 | D:4      | 4886 ||| Stepping ~*~*~tactically~*~*~ (stealth).
  4895 | D:4      | Killed Menkaure
  4896 | D:4      | Found a staircase to the Ecumenical Temple.
  4897 | D:4      | 4897 ||| PLANNING TEMPLE
  4966 | Temple   | Entered the Ecumenical Temple
  4967 | Temple   | 4967 ||| PLANNING OKAWARU WORSHIP
  4967 | Temple   | 4967 ||| DROPPING +1 whip of freezing.
  4974 | Temple   | Became a worshipper of Warmaster Okawaru
  4975 | Temple   | 4975 ||| PLANNING D:1-11
  4975 | Temple   | 4975 ||| REMOVING amulet of guardian spirit.
  5303 | D:5      | 5303 ||| READING scroll of enchant weapon.
  5303 | D:5      | 5303 ||| ENCHANTING +2 war axe.
  5446 | D:5      | 5446 ||| Stepping ~*~*~tactically~*~*~ (stealth).
  5600 | D:6      | Noticed Edmund
  5617 | D:6      | Killed Edmund
  5735 | D:6      | Reached skill level 1 in Throwing
  5735 | D:6      | Reached XP level 9. HP: 49/54 MP: 9/9
  5945 | D:6      | Noticed Duvessa
  5946 | D:6      | Noticed Dowan
  5947 | D:6      | 5947 ||| Stepping ~*~*~tactically~*~*~ (stealth).
  5949 | D:6      | 5949 ||| Stepping ~*~*~tactically~*~*~ (hiding).
  5955 | D:6      | Killed Dowan
  5967 | D:6      | HP: 1/54 [Duvessa/+0 rapier (16)]
  5968 | D:6      | 5968 ||| READING 5 scrolls of teleportation.
  5968 | D:6      | Mangled by Duvessa

Levels and vault maps discovered:
D:1:      spicycebolla_arrival_ecumenical, layout_basic
D:2:      layout_basic, grunt_ministairs_8, grunt_decor_clamped
D:3:      layout_basic, tso_metal_star, serial_undead, serial_undead_c,
          serial_undead_e, serial_undead_d, serial_undead_b, minivault_11,
          uniq_grinder, uniq_terence
D:4:      layout_basic, mainiacjoe_overflow_concentric_impassable,
          lemuel_crystal_altar, minmay_temple_entry_statues_fountains,
          lightli_ossuary_entry_decrepit_ruins, dreamdust_princess_corridor,
          uniq_menkaure
D:5:      layout_loops_ring, mainiacjoe_overflow_cross_hatched,
          portal_sewer_entry_b
D:6:      layout_basic, nicolae_shop_i_like_big_books, uniq_duvessa,
          uniq_eustachio, uniq_edmund
Temple:   nicolae_temple_no_exploring_needed

Skill      XL: |  1  2  3  4  5  6  7  8 |
---------------+-------------------------+-----
Axes           | 2 3 5 6 7 |  7.6
Shields        | 4 5 6 7 |  7.4
Fighting       | 4 5 |  5.3
Dodging        | 1 |  1.4
Throwing       | 1 |  1.7
Armour         | |  3.2

Action                     |  1- 3 |  4- 6 |  7- 9 || total
---------------------------+-------+-------+-------++-------
  Melee: War axe           |   115 |    88 |   260 ||   463
  Throw: Boomerang         |       |       |    34 ||    34
    Use: Scroll            |     4 |     1 |     9 ||    14
         Potion            |     1 |       |     5 ||     6
 Armour: Scale mail        |    56 |    38 |    17 ||   111
         Chain mail        |       |       |    88 ||    88
  Dodge: Dodged            |    47 |    42 |    70 ||   159
  Block: Buckler           |    12 |       |       ||    12
         Kite shield       |    17 |    38 |    95 ||   150

Table legend:
 A = Non-vault XP
 B = Vault XP
 C = Vault XP percentage of total XP
 D = Non-vault monster count
 E = Vault monster count
 F = Vault count percentage of total count
                 A         B        C        D         E       F
            +---------+---------+-------+---------+---------+-------
      Total |    1410 |    1073 |  43.2 |      93 |      56 |  37.6
            +---------+---------+-------+---------+---------+-------
        D:1 |      35 |       0 |   0.0 |      20 |       0 |   0.0
        D:2 |      53 |       3 |   5.4 |      17 |       2 |  10.5
        D:3 |      34 |     371 |  91.6 |      13 |      10 |  43.5
        D:4 |     440 |     157 |  26.3 |      20 |       1 |   4.8
        D:5 |     642 |      34 |   5.0 |      20 |       8 |  28.6
        D:6 |     206 |     235 |  53.3 |       3 |       2 |  40.0
    Ossuary |       0 |     273 | 100.0 |       0 |      33 | 100.0
            +---------+---------+-------+---------+---------+-------
